 Dungeon Crawl Stone Soup version 0.21.1-1-g345015f (webtiles) character file.

95 valkyrieboi the Ruffian (level 4, -6/45 HPs)
             Began as a Troll Monk on May 29, 2018.
             Was a Priest of Makhleb.
             Mangled by a gnoll
             ... wielding a +0 halberd
              (10 damage)
             ... on level 2 of the Dungeon.
             The game lasted 00:01:54 (1088 turns).

valkyrieboi the Ruffian (Troll Monk)                Turns: 1088, Time: 00:01:55

Health: -6/45      AC:  5    Str: 20    XL:     4   Next: 40%
Magic:  3/3        EV: 10    Int:  6    God:    Makhleb [***...]
Gold:   29         SH:  0    Dex: 12    Spells: 3/3 levels left

rFire    . . .     SeeInvis .     - Unarmed
rCold    . . .     Gourm    +   (no shield)
rNeg     . . .     Faith    .   a - +0 robe
rPois    .         Spirit   .   (helmet restricted)
rElec    .         Reflect  .   (no cloak)
rCorr    .         Harm     .   (gloves unavailable)
MR       .....                  (boots unavailable)
Stlth    ++........             (no amulet)
HPRegen  0.55/turn              (no ring)
MPRegen  0.08/turn              (no ring)

@: no status effects
A: large, unfitting armour, claws 3, fast metabolism 3, gourmand, regeneration
1, shaggy fur 1, tough skin 2
a: Minor Destruction, Lesser Servant of Makhleb, Renounce Religion


You were on level 2 of the Dungeon.
You worshipped Makhleb.
Makhleb was most pleased with you.
You were very full.

You visited 1 branch of the dungeon, and saw 2 of its levels.

You collected 29 gold pieces.

Inventory:

Armour
 a - a +0 robe (worn)
Jewellery
 h - a +2 ring of protection {unknown}
 m - an uncursed ring of protection from fire {unknown}
Scrolls
 c - a scroll of identify {unknown}
 d - 3 scrolls of amnesia {unknown}
 f - 2 scrolls of enchant armour {unknown}
 i - a scroll of enchant weapon {unknown}
Potions
 e - a potion of cancellation {unknown}
 g - a potion of mutation {unknown}
 j - a potion of lignification {unknown}
 k - a potion of brilliance {unknown}
 l - a potion of curing {unknown}
Comestibles
 b - 3 rations


   Skills:
 + Level 3.0 Fighting
 - Level 2.8 Dodging
 - Level 1.0 Stealth
 * Level 4.3 Unarmed Combat
 + Level 0.7 Invocations


You had 3 spell levels left.
You didn't know any spells.

Dungeon Overview and Level Annotations

Branches:
Dungeon (2/15)

Altars:
Makhleb


Innate Abilities, Weirdness & Mutations

You are too large for most types of armour.
You have claws for hands.
Your metabolism is lightning-fast.
You like to eat raw meat.
Your natural rate of healing is unusually fast.
You are covered in fur. (AC +1)
You have very tough skin. (AC +2)


Message History

You kill the jackal!
Makhleb accepts your kill.
You scratch the gnoll but do no damage. Your claw misses the gnoll.
The gnoll is severely wounded.
The gnoll closely misses you.
You scratch the gnoll.
You kill the gnoll!
Makhleb accepts your kill.
You feel better.
Your Fighting skill increases to level 3!
The gnoll closely misses you. The gnoll hits you with a halberd!
* * * LOW HITPOINT WARNING * * *
Things that are here:
a club; a gnoll corpse You barely miss the gnoll.
The gnoll hits you with a halberd!
* * * LOW HITPOINT WARNING * * *
You barely miss the gnoll. You closely miss the gnoll.
The gnoll hits you with a halberd!
You die...

............# #......#.#
............# #......#.#
............# #......#.#
............# #......#.#
............# #......#.# ###
............# #......#.# ...
............# #......#.####...
............######.....(.....)...
................@g........####...
...##.################....# ...
...##.# ##...# ### ...##.# #...#
...##.# #...# ...##.# ##..#
...##.############# #..#
^..##......[......# #..#
...##.............# #..#


You could see a gnoll.

Vanquished Creatures
  3 gnolls (D:2)
  2 adders (D:2)
  A dart slug (D:1)
  3 leopard geckos (D:1)
  5 bats (D:1)
  A giant cockroach (D:2)
  5 goblins
  4 hobgoblins
  6 jackals
  2 frilled lizards
  4 kobolds (D:1)
  8 rats
44 creatures vanquished.

Notes
Turn   | Place    | Note
-------+----------+-------------------------------------------
     0 | D:1      | valkyrieboi the Troll Monk began the quest for the Orb.
     0 | D:1      | Reached XP level 1. HP: 22/22 MP: 0/0
    52 | D:1      | Reached XP level 2. HP: 26/29 MP: 1/1
   421 | D:1      | Reached XP level 3. HP: 36/36 MP: 2/2
   891 | D:2      | Found a faded altar of an unknown god.
   939 | D:2      | Became a worshipper of Makhleb the Destroyer
   939 | D:2      | Reached * piety under Makhleb
   939 | D:2      | Reached ** piety under Makhleb
   949 | D:2      | Reached skill level 4 in Unarmed Combat
  1053 | D:2      | Reached XP level 4. HP: 44/44 MP: 3/3
  1066 | D:2      | Reached *** piety under Makhleb
  1088 | D:2      | Mangled by a gnoll

Skill      XL: |  1  2  3  4 |
---------------+-------------+-----
Unarmed Combat | 4 |  4.3
Fighting       | 3 |  3.0
Dodging        | |  2.8
Stealth        | |  1.0
Invocations    | |  0.7

Action                   |  1- 3 |  4- 6 || total
-------------------------+-------+-------++-------
Melee: Unarmed           |   102 |    16 ||   118
       Punch             |     2 |       ||     2
 Stab: Sleeping          |     1 |       ||     1
  Eat: Chunk             |    14 |       ||    14
Armor: Robe              |    58 |     6 ||    64
Dodge: Dodged            |    70 |    14 ||    84
